 Dungeon Crawl Stone Soup version 0.29-a0-719-g0fec994a2d (webtiles) character file.

Game seed: 1776965167171034924

40 CrazyBamboolord the Shooter (level 3, -2/28 HPs)
             Began as a Barachi Hunter on June 27, 2022.
             Slain by Sigmund
             ... wielding a +0 scythe
              (11 damage)
             ... on level 2 of the Dungeon.
             The game lasted 00:01:41 (714 turns).

CrazyBamboolord the Shooter (Barachi Hunter)         Turns: 714, Time: 00:01:41

Health: -2/28      AC:  3    Str: 12    XL:     3   Next: 50%
Magic:  3/3        EV: 12    Int:  9    God:
Gold:   69         SH:  0    Dex: 17    Spells: 2/2 levels left

rFire   . . .      SeeInvis .   a - +0 shortbow
rCold   . . .      Faith    .   (shield currently unavailable)
rNeg    . . .      Spirit   .   c - +0 leather armour
rPois   .          Reflect  .   (no helmet)
rElec   .          Harm     .   (no cloak)
rCorr   .          Rampage  .   (no gloves)
Will    .....                   (no boots)
Stlth   +.........              d - amulet of the acrobat
HPRegen 0.09/turn               (no ring)
MPRegen 0.08/turn               (no ring)

@: confused, unable to hop, slow
A: amphibious, slowness 1, strong legs 1, +LOS
a: Hop


You were on level 2 of the Dungeon.
You visited 1 branch of the dungeon, and saw 2 of its levels.

You collected 69 gold pieces.

Inventory:

Hand Weapons
 a - a +0 shortbow (weapon)
Armour
 c - a +0 leather armour (worn)
Jewellery
 d - an amulet of the acrobat (around neck)
Scrolls
 b - 2 scrolls of immolation
 f - 2 scrolls of blinking {unknown}
 j - 3 scrolls of acquirement {unknown}
 k - a scroll of teleportation {unknown}
Potions
 e - a potion of berserk rage {unknown}
 g - a potion of mutation {unknown}
 h - 2 potions of might {unknown}
 i - a potion of magic {unknown}


   Skills:
 * Level 2.5 Fighting
 * Level 4.6 Ranged Weapons
 * Level 1.1 Armour
 * Level 2.9 Dodging
 + Level 1.0 Stealth


You had 2 spell levels left.
You didn't know any spells.
Your spell library was empty.

Dungeon Overview and Level Annotations

Branches:
Dungeon (2/15)

Altars:

Annotations:
D:2 Sigmund


Innate Abilities, Weirdness & Mutations

You are amphibious.
You cover ground slowly.
You can hop short distances.
You have an extended range of vision and can be seen from far away.


Message History

No target in view!
No target in view!
No target in view!
No target in view!
No target in view!
No target in view!
k - a scroll labelled DAFEAF FIFI
f - 2 scrolls labelled NAUGAT EBAJOROW (gained 1)
You see here a +0 ring mail.
Sigmund and a kobold come into view.
Sigmund is wielding a +0 scythe and wearing a +2 robe of willpower.
The kobold shouts!
You shoot an arrow.
Sigmund shouts!
The arrow hits the kobold but does no damage.
You shoot an arrow.
The arrow hits Sigmund but does no damage.
You shoot an arrow. The arrow closely misses the kobold.
The arrow barely misses Sigmund.
You shoot an arrow. The arrow hits the kobold.
The kobold is severely wounded.
You shoot an arrow. The arrow hits the kobold.
You kill the kobold!
Sigmund points at you and mumbles some strange words.
The magic dart hits you!
Hop to where?
Press: ? - help, Dir - move target Boing!
Unknown command.
You shoot an arrow. The arrow barely misses Sigmund.
Sigmund mumbles some strange words.
Sigmund flickers and vanishes!
Deactivating autopickup; reactivate with Ctrl-A.
No target in view!
You are confused.
Something misses you.
You're too confused to move!
Something hits you! Something misses you.
You're too confused to move!
Something hits you!
You die...

.....<###..............
.. #. .....##
####.########.# .# ...
######
#...######.##.###...
###..##.....#.......
##................
##...............
#...............
#...............
#@..............
#...............
#######...............
......................
........#.....#.....#.
.....................
####.....#.......####.
##.......#...>......
#..........####...$.


There were no monsters in sight!

Vanquished Creatures
  2 dart slugs (D:1)
  2 ball pythons (D:2)
  4 bats (D:1)
  3 endoplasms
  4 giant cockroaches (D:1)
  A goblin (D:1)
  2 hobgoblins (D:1)
  4 quokkas
  A frilled lizard (D:1)
  4 kobolds
  6 rats (D:1)
33 creatures vanquished.

Notes
Turn   | Place    | Note
-------+----------+-------------------------------------------
     0 | D:1      | CrazyBamboolord the Barachi Hunter began the quest for the
                  | Orb.
     0 | D:1      | Reached XP level 1. HP: 17/17 MP: 1/1
    30 | D:1      | Reached XP level 2. HP: 23/23 MP: 2/2
   114 | D:1      | Reached skill level 1 in Armour
   220 | D:1      | Reached XP level 3. HP: 28/28 MP: 3/3
   561 | D:2      | Reached skill level 1 in Stealth
   694 | D:2      | Noticed Sigmund
   714 | D:2      | Slain by Sigmund

Illustrated notes

Levels and vault maps discovered:
D:1:      scummos_arrival_simple_fountains, layout_rooms, st_stairs_2,
          chequers_serial_rivers_room_b
D:2:      layout_rooms, basic_altar, uniq_sigmund

Skill      XL: |  1  2  3 |
---------------+----------+-----
Armour         | 1 |  1.1
Stealth        | 1 |  1.0
Fighting       | |  2.5
Ranged Weapons | |  4.6
Dodging        | |  2.9

Action                   || total
-------------------------++-------
 Fire: Shortbow          ||    85
 Abil: Hop               ||     1
Armor: Leather armour    ||     8
Dodge: Dodged            ||    20

Table legend: (Time is in decaauts)
 A = Elapsed time spent in this place.
 B = Non-inter-level travel time spent in this place.
 C = Inter-level travel time spent in this place.
 D = Time resting spent in this place.
 E = Time spent auto-exploring this place.
 F = Levels seen in this place.
 G = Mean time per level.
                   A        B        C        D        E       F      G
               +--------+--------+--------+--------+--------+-----+--------+
         Total |    849 |    800 |     49 |      0 |    607 |   2 |  424.5 |
       Dungeon |    849 |    800 |     49 |      0 |    607 |   2 |  424.5 |
               +--------+--------+--------+--------+--------+-----+--------+

Top non-repeatable levels by time:
     D:1: 668 daAuts
     D:2: 180 daAuts
